AoeStats
← kimboy9420

Black Forest

509854894Analyzed
3v3 RM · 4d ago on Sep 28, 2026· 81m 41s· 6 players
Game mode
Random Map
Map size
Normal (6 player)
Population
200
Speed
Normal
Resources
Standard
Victory
Conquest
Starting age
Dark Age
Ending age
Imperial Age
RankedLock teamsTeams togetherTeam positionsShared explorationLock speedFull tech treeHidden civsTurbo modeCheats
Victory
Defeat
🇹🇼 Mongols · Taiwan
1004
+11
🇹🇼 Lithuanians · Taiwan
899
+42
🇹🇼 Britons · Taiwan
808
+19
🇰🇿 Slavs · Kazakhstan
899
-16
🇹🇷 Britons · Türkiye
896
-16
🇪🇸 Turks · Spain
838
-13
Börü 𐰋𐰇𐰼𐰇
0:31 Loom
12:31 Feudal Age
14:14 Fishing Lines
20:44 Wheelbarrow
20:04 Fletching
20:15 Padded Archer Armor
23:44 Castle Age
21:39 Gold Mining
21:41 Stone Mining
21:35 Horse Collar
21:44 Double-Bit Axe
22:51 Fishing Lines
24:35 Gillnets
24:11 Elite Skirmisher
25:29 Bodkin Arrow
25:50 Leather Archer Armor
25:47 Forging
26:57 Pikeman
31:56 Ballistics
31:33 Murder Holes
32:15 Bow Saw
32:48 Gold Shaft Mining
33:01 Caravan
33:39 Fortified Wall
33:10 Treadmill Crane
37:43 Imperial Age
35:29 Hand Cart
35:32 Squires
35:18 Arson
36:00 Heavy Plow
36:38 Yeomen
38:37 Heavy Mounted Crossbowman
38:38 Cranequins
38:41 Elite Longbowman
39:42 Conscription
39:26 Bracer
41:40 Warwolf
43:06 Chemistry
43:57 Siege Engineers
44:03 Siege Engineers
47:13 Halberdier
49:00 Ring Archer Armor
49:07 Iron Casting
48:32 Scale Mail Armor
51:20 Capped Ram
55:27 Town Watch
kikekalimar
0:44 Loom
14:48 Feudal Age
16:03 Gold Mining
16:02 Double-Bit Axe
16:02 Horse Collar
18:59 Stone Mining
23:21 Castle Age
21:38 Man-at-Arms
22:34 Forging
22:14 Fletching
24:44 Bow Saw
24:42 Husbandry
26:56 Wheelbarrow
28:09 Caravan
29:03 Gold Shaft Mining
31:45 Iron Casting
31:05 Bodkin Arrow
30:59 Long Swordsman
32:19 Crossbowman
37:12 Imperial Age
35:01 Hand Cart
36:15 Bloodlines
37:11 Squires
36:56 Arson
37:14 Scale Mail Armor
37:14 Padded Archer Armor
37:04 Treadmill Crane
37:45 Ballistics
37:16 Heated Shot
37:21 Murder Holes
37:37 Fortified Wall
37:17 Town Watch
37:58 Artillery
39:08 Parthian Tactics
39:01 Guard Tower
39:40 Sipahi
39:04 Heavy Camel Rider
39:55 Arrowslits
40:31 Bombard Tower
41:23 Hoardings
40:33 Elite Janissary
41:01 Two-Handed Swordsman
42:00 Sappers
43:09 Town Patrol
43:05 Champion
43:55 Heavy Cavalry Archer
47:49 Keep
48:17 Two-Man Saw
48:22 Masonry
47:36 Heavy Scorpion
48:37 Bracer
49:14 Thumb Ring
49:04 Capped Ram
50:04 Leather Archer Armor
50:49 Blast Furnace
51:17 Scale Barding Armor
51:28 Chain Mail Armor
58:09 Architecture
58:11 Ring Archer Armor
58:11 Plate Mail Armor
58:02 Chain Barding Armor
Кизяка
4:31 Loom
10:44 Feudal Age
11:10 Horse Collar
11:17 Double-Bit Axe
18:16 Castle Age
17:09 Stone Mining
19:03 Forging
20:26 Bow Saw
20:44 Bloodlines
21:21 Heavy Plow
22:13 Light Cavalry
26:02 Husbandry
25:28 Man-at-Arms
27:34 Gold Mining
32:18 Imperial Age
32:05 Gold Shaft Mining
31:38 Squires
31:45 Squires
34:30 Two-Man Saw
34:03 Crop Rotation
32:58 Hussar
36:16 Chemistry
37:50 Wheelbarrow
37:00 Town Watch
37:35 Scale Barding Armor
38:05 Iron Casting
37:24 Fletching
36:58 Elite Skirmisher
38:42 Conscription
38:05 Heavy Scorpion
39:26 Hand Cart
39:11 Town Patrol
41:18 Ballistics
41:42 Sanctity
41:39 Block Printing
42:05 Theocracy
41:43 Redemption
41:35 Herbal Medicine
42:06 Illumination
42:08 Town Patrol
42:31 Chain Barding Armor
43:11 Blast Furnace
41:36 Long Swordsman
41:37 Pikeman
43:04 Masonry
43:24 Conscription
43:14 Detinets
43:24 Capped Ram
46:21 Two-Handed Swordsman
47:02 Champion
49:27 Plate Barding Armor
48:49 Bodkin Arrow
50:49 Scale Mail Armor
50:52 Onager
54:41 Halberdier
57:34 Murder Holes
73:49 Elite Boyar
153159
2:07 Loom
13:44 Feudal Age
16:26 Double-Bit Axe
17:14 Horse Collar
21:51 Fletching
22:14 Padded Archer Armor
24:31 Castle Age
25:02 Scale Mail Armor
26:35 Caravan
26:33 Bodkin Arrow
28:28 Wheelbarrow
28:04 Gold Mining
28:12 Elite Skirmisher
29:17 Bow Saw
30:56 Ballistics
30:32 Murder Holes
32:15 Leather Archer Armor
32:28 Fortified Wall
32:55 Coinage
33:34 Masonry
33:46 Chain Mail Armor
33:43 Forging
34:45 Gold Shaft Mining
34:01 Stone Mining
33:35 Light Cavalry
34:04 Treadmill Crane
35:23 Hand Cart
37:16 Pikeman
37:57 Squires
41:30 Iron Casting
41:04 Scale Barding Armor
41:26 Yeomen
43:51 Imperial Age
45:22 Architecture
44:17 Cavalier
45:36 Conscription
46:22 Hoardings
48:46 Elite Longbowman
51:07 Bracer
51:38 Ring Archer Armor
64:49 Capped Ram
66:42 Banking
69:26 Guilds
70:20 Two-Man Saw
75:39 Crossbowman
kimboy9420
5:11 Loom
12:33 Feudal Age
12:55 Horse Collar
13:03 Double-Bit Axe
21:29 Castle Age
21:46 Wheelbarrow
21:26 Gold Mining
21:30 Stone Mining
25:35 Fervor
25:48 Sanctity
27:42 Forging
27:57 Fortified Wall
29:02 Bow Saw
29:45 Masonry
29:47 Squires
31:14 Stone Shaft Mining
31:17 Husbandry
31:28 Bloodlines
32:44 Heavy Plow
33:57 Pikeman
37:20 Imperial Age
35:57 Iron Casting
36:33 Hand Cart
36:04 Town Watch
37:05 Coinage
37:14 Caravan
37:35 Cavalier
37:40 Light Cavalry
39:24 Crop Rotation
38:49 Elite Leitis
40:26 Architecture
41:18 Two-Man Saw
40:52 Conscription
41:50 Treadmill Crane
42:19 Halberdier
44:23 Scale Mail Armor
44:28 Scale Barding Armor
44:37 Scale Barding Armor
44:33 Paladin
56:06 Chain Mail Armor
56:16 Chain Barding Armor
56:05 Tower Shields
59:04 Plate Barding Armor
65:54 Winged Hussar
BlueWolf
10:51 Loom
14:00 Feudal Age
16:02 Fishing Lines
16:13 Double-Bit Axe
18:29 Castle Age
17:34 Fletching
17:27 Horse Collar
22:06 Bow Saw
22:50 Heavy Plow
22:49 Bodkin Arrow
28:01 Light Cavalry
28:56 Forging
28:53 Scale Barding Armor
29:44 Wheelbarrow
30:10 Bloodlines
30:01 Husbandry
30:03 Murder Holes
30:29 Ballistics
31:15 Town Watch
32:00 Thumb Ring
35:07 Imperial Age
32:38 Gillnets
33:47 Iron Casting
33:34 Chain Barding Armor
37:01 Chemistry
36:07 Siege Engineers
37:30 Blast Furnace
36:38 Caravan
37:22 Parthian Tactics
38:06 Hand Cart
38:28 Conscription
38:04 Hussar
39:36 Bracer
41:06 Hoardings
40:46 Town Patrol
40:58 Padded Archer Armor
42:20 Capped Ram
42:37 Elite Mangudai
43:44 Drill
43:49 Masonry
44:08 Leather Archer Armor
44:23 Siege Ram
55:22 Nomads
71:51 Heavy Scorpion
82:06 Gold Mining
Connection lost

Rejoining the realm…

Still unreachable

The connection could not be restored.

Session expired

The server has moved on; the page needs a fresh start.